 Dungeon Crawl Stone Soup version 0.26-a0-712-ga5a9c9c9d0 (webtiles) character file.

Game seed: 5987351688440295580

(classic levelgen) 6472 EnegeticOcto the Cleaver (level 10, -17/92 HPs)
             Began as a Deep Dwarf Fighter on Nov 4, 2020.
             Was a Believer of Makhleb.
             Demolished by a skeletal warrior
             ... wielding a +1 vampiric scimitar
              (19 damage)
             ... on level 10 of the Dungeon.
             The game lasted 00:04:35 (4741 turns).

EnegeticOcto the Cleaver (Deep Dwarf Fighter)       Turns: 4741, Time: 00:04:35

Health: -17/92     AC: 13    Str: 24    XL:     10   Next: 68%
Magic:  2/2        EV: 20    Int:  8    God:    Makhleb [**....]
Gold:   408        SH: 11    Dex: 12    Spells: 9/9 levels left

rFire    + . .     SeeInvis .   a - +0 broad axe
rCold    + . .     Faith    .   c - +0 kite shield
rNeg     . . .     Spirit   .   t - +0 plate armour
rPois    .         Reflect  .   (no helmet)
rElec    .         Harm     .   (no cloak)
rCorr    .         Rampage  .   (no gloves)
MR       +....                  (no boots)
Stlth    ..........             A - amulet of the acrobat
HPRegen  0.00/turn              l - ring of protection from cold
MPRegen  0.08/turn              y - ring of protection from fire

@: lethally poisoned (-17 -> -62), acrobat, non-regenerating, drained
A: damage resistance, heal wounds, sense surroundings 2, no regeneration
a: Heal Wounds, Minor Destruction, Renounce Religion


You were on level 10 of the Dungeon.
You worshipped Makhleb.
Makhleb was pleased with you.
You visited 2 branches of the dungeon, and saw 11 of its levels.
You also visited: Ossuary.

You collected 408 gold pieces.

Inventory:

Hand Weapons
 a - a +0 broad axe (weapon)
Missiles
 x - 5 throwing nets (quivered)
Armour
 c - a +0 kite shield (worn)
 t - a +0 plate armour (worn)
Jewellery
 l - a ring of protection from cold (left hand)
 y - a ring of protection from fire (right hand)
 A - an amulet of the acrobat (around neck)
Wands
 b - a wand of iceblast (20) {@v2}
 e - a wand of paralysis (19)
Scrolls
 f - 2 scrolls of identify {@r1}
 h - a scroll of fog
 j - 4 scrolls of teleportation {@r3}
 k - 4 scrolls of magic mapping {@r5}
 n - 4 scrolls of immolation {@r4}
 p - a scroll of blinking
 q - 6 scrolls of remove curse {@r2}
 v - 2 scrolls of enchant armour
Potions
 d - 2 potions of might {@q3}
 g - 6 potions of curing {@q1}
 m - a potion of flight
 o - 2 potions of resistance {@q5}
 r - a potion of stabbing
 s - a potion of cancellation
 z - 3 potions of ambrosia
 B - 2 potions of berserk rage
Miscellaneous
 u - a box of beasts (inert)


   Skills:
 + Level 6.8(6.0) Fighting
 * Level 10.8(9.9) Axes
 + Level 8.2(7.4) Armour
 + Level 8.3(7.5) Shields
 * Level 6.3(5.5) Invocations
 + Level 2.7(2.0) Evocations


You had 9 spell levels left.
You didn't know any spells.
Your spell library was empty.

Dungeon Overview and Level Annotations

Branches:
Dungeon (10/15)            Temple (1/1) D:7         Ossuary (visited)
   Lair: D:8-11         Orc: D:9-12

Altars:
Ashenzari
Cheibriados
Dithmenos
Fedhas
Gozag
Makhleb
Nemelex Xobeh
Ru
Trog
Uskayaw
Wu Jian
Xom


Innate Abilities, Weirdness & Mutations

You are resistant to damage.
You can heal yourself by infusing magical energy.
You passively map the area around you.
You do not regenerate.


Message History

The adder hisses angrily.
Items here: ) [ ††.
An adder is nearby!
An adder is nearby!
An adder is nearby!
An adder is nearby!
An adder is nearby!
An adder is nearby!
An adder is nearby!
An adder is nearby!
An adder is nearby!
An adder is nearby!
The adder misses you. You block the adder's attack.
You slash the adder!
You kill the adder!
Makhleb accepts your kill.
No target in view!
No target in view!
No target in view!
No target in view!
No target in view!
No target in view!
Found a stone staircase leading down.
A skeletal warrior comes into view. It is wielding a +0 scimitar of venom.
Found 11 bolts.
A skeletal warrior is nearby!
A skeletal warrior comes into view. It is wielding a +1 vampiric scimitar.
Found 11 stones.
Found a potion of flight.
You closely miss the skeletal warrior. The skeletal warrior barely misses you.
You closely miss the skeletal warrior.
The skeletal warrior hits you with a +0 scimitar of venom!
You are poisoned.
You barely miss the skeletal warrior.
The skeletal warrior hits you with a +0 scimitar of venom.
You are more poisoned.
You hit the skeletal warrior but do no damage.
The skeletal warrior hits you with a +0 scimitar of venom!
You are more poisoned.
You hit the skeletal warrior.
The skeletal warrior is lightly damaged.
You hit the skeletal warrior but do no damage.
You feel very sick.
You block the skeletal warrior's attack.
The skeletal warrior barely misses you.
You hit the skeletal warrior but do no damage.
The skeletal warrior is lightly damaged.
You hit the skeletal warrior but do no damage.
You feel sick.
You block the skeletal warrior's attack.
The skeletal warrior hits you with a +0 scimitar of venom!!
* * * LOW HITPOINT WARNING * * *
You are lethally poisoned!
You are too injured to fight recklessly!
You are too injured to fight recklessly!
You are too injured to fight recklessly!
You are too injured to fight recklessly!
You are too injured to fight recklessly!
You are too injured to fight recklessly!
You are too injured to fight recklessly!
You are too injured to fight recklessly!
You are too injured to fight recklessly!
You are too injured to fight recklessly!
You are too injured to fight recklessly!
You are too injured to fight recklessly!
You are too injured to fight recklessly!
You are too injured to fight recklessly!
You are too injured to fight recklessly!
You are too injured to fight recklessly!
You are too injured to fight recklessly!
You feel much better.
You feel very sick.
You block the skeletal warrior's attack.
The skeletal warrior hits you with a +0 scimitar of venom.
You are more poisoned.
You feel very sick. The skeletal warrior barely misses you.
The skeletal warrior hits you with a +0 scimitar of venom!
You are more poisoned.
You hit the skeletal warrior but do no damage.
The skeletal warrior is lightly damaged.
You hit the skeletal warrior.
* * * LOW HITPOINT WARNING * * *
You feel very sick.
You block the skeletal warrior's attack.
The skeletal warrior hits you with a +0 scimitar of venom!
* * * LOW HITPOINT WARNING * * *
You are more poisoned.
Unknown command.
Unknown command.
* * * LOW HITPOINT WARNING * * *
You feel very sick.
You block the skeletal warrior's attack.
The skeletal warrior misses you.
* * * LOW HITPOINT WARNING * * *
You feel very sick.
* * * LOW HITPOINT WARNING * * *
You feel very sick.
The skeletal warrior hits you with a +1 vampiric scimitar!!
You die...

* ....,, , , , ######
.............# .....##.#
,.....(...## #*
.....#..##...#.......#..
..........#.............
* ,,
...........>............
* * *
...))).###..[......>....
, ......## #..##zz......
* ...).## #.#.@.......
###.##### #...#.......*
........# #..###..!... *
,
........#####..####.#.#.
** , .................#
.# # , ,
....##....####.#..# #,
,,, * .......#### #(##.#
, ..........#**#..*...
,, ...<#####.. ...# ...


You could see 2 skeletal warriors.

Vanquished Creatures
  Pikel (D:9)
  Psyche (D:9)
  Grinder (D:4)
  Menkaure (D:7)
  A water moccasin (D:9)
  5 orc warriors
  2 sky beasts
  3 ice beasts
  A black bear (D:6)
  An eye of draining (D:8)
  3 centaurs
  2 ogres
  A phantom (D:9)
  A lemure (D:9)
  Blork the orc (D:6)
  A big kobold (D:8)
  6 bullfrogs
  A gnoll sergeant (D:8)
  A water moccasin skeleton (D:8)
  4 scorpions
  9 killer bees
  5 wights (D:9)
  4 howler monkeys
  4 crimson imps (D:4)
  2 centaur zombies
  2 hounds
  A quasit (D:9)
  A centaur skeleton (D:5)
  A jelly (D:6)
  A gnoll shaman (D:6)
  10 orc priests
  A bullfrog skeleton (D:8)
  8 orc wizards
  Terence (D:2)
  3 iguanas
  6 worker ants
  4 mummies (Ossuary)
  8 gnolls
  11 adders
  2 shadow imps
  3 white imps
  4 ufetubi
  2 oozes
  3 adder skeletons
  2 adder zombies
  8 worms
  A dart slug (D:1)
  8 leopard geckos
  39 orcs
  A ball python (D:5)
  2 bats
  7 giant cockroaches
  9 goblins
  4 hobgoblins
  5 jackals
  8 kobolds
  3 quokkas
  A goblin zombie (D:5)
  A quokka zombie (D:5)
  5 rats
238 creatures vanquished.

Vanquished Creatures (collateral kills)
  Harold (D:9)
1 creature vanquished.

Vanquished Creatures (others)
  An orc (D:8)
  15 plants (D:4)
16 creatures vanquished.

Grand Total: 255 creatures vanquished

Notes
Turn   | Place    | Note
-------+----------+-------------------------------------------
     0 | D:1      | EnegeticOcto the Deep Dwarf Fighter began the quest for the
                  | Orb.
     0 | D:1      | Reached XP level 1. HP: 20/20 MP: 1/1
    59 | D:1      | Reached XP level 2. HP: 25/27 MP: 2/2
   175 | D:2      | Reached skill level 3 in Axes
   185 | D:2      | Reached XP level 3. HP: 16/33 MP: 3/3
   231 | D:2      | Noticed Terence
   239 | D:2      | Killed Terence
   296 | D:2      | Reached XP level 4. HP: 31/42 MP: 4/4
   402 | D:3      | Noticed a moth of wrath
   405 | D:3      | Found a bloodstained altar of Trog.
   454 | D:3      | Reached skill level 4 in Axes
   454 | D:3      | Reached XP level 5. HP: 48/49 MP: 5/5
   474 | D:4      | Found a shimmering altar of Xom.
   524 | D:4      | Noticed Grinder
   530 | D:4      | Reached XP level 6. HP: 29/56 MP: 5/5
   565 | D:4      | Killed Grinder
   565 | D:4      | Reached skill level 5 in Axes
   608 | D:4      | Reached XP level 7. HP: 51/64 MP: 5/5
   620 | D:4      | Reached skill level 5 in Shields
   630 | D:4      | Reached skill level 5 in Armour
   917 | D:5      | Entered Level 5 of the Dungeon
  1012 | D:5      | Reached skill level 6 in Axes
  1063 | D:5      | Found a sand-covered staircase.
  1071 | Ossuary  | Entered an ossuary
  1441 | D:5      | Reached XP level 8. HP: 71/73 MP: 6/6
  1567 | D:5      | Reached skill level 7 in Axes
  1761 | D:6      | Reached skill level 5 in Fighting
  1915 | D:6      | Found a blossoming altar of Fedhas.
  1941 | D:6      | Reached skill level 8 in Axes
  2015 | D:6      | Noticed Blork the orc
  2032 | D:6      | Killed Blork the orc
  2032 | D:6      | Gained mutation: You passively map the area around you.
                  | [Deep Dwarf growth]
  2032 | D:6      | Reached XP level 9. HP: 46/81 MP: 6/6
  2425 | D:7      | Reached skill level 9 in Axes
  2443 | D:7      | Noticed Menkaure
  2459 | D:7      | Killed Menkaure
  2716 | D:7      | Found a sparkling altar of Nemelex Xobeh.
  2761 | D:7      | Found a staircase to the Ecumenical Temple.
  2782 | Temple   | Entered the Ecumenical Temple
  2888 | Temple   | Became a worshipper of Makhleb the Destroyer
  3048 | D:8      | Reached skill level 1 in Invocations
  3130 | D:8      | Reached * piety under Makhleb
  3958 | D:9      | Noticed Pikel
  3967 | D:9      | Killed Pikel
  3967 | D:9      | Reached skill level 10 in Axes
  3967 | D:9      | Reached XP level 10. HP: 37/92 MP: 2/4
  4292 | D:9      | Reached ** piety under Makhleb
  4293 | D:9      | Reached skill level 5 in Invocations
  4321 | D:9      | Noticed Harold
  4349 | D:9      | Reached skill level 1 in Evocations
  4355 | D:9      | Killed Harold
  4509 | D:9      | Noticed Psyche
  4521 | D:9      | Paralysed by Psyche for 4 turns
  4526 | D:9      | Killed Psyche
  4651 | D:10     | Entered Level 10 of the Dungeon
  4726 | D:10     | Noticed a skeletal warrior
  4728 | D:10     | Noticed a skeletal warrior
  4741 | D:10     | HP: 2/92 [poisoned by a skeletal warrior]
  4741 | D:10     | Demolished by a skeletal warrior

Illustrated notes

Levels and vault maps discovered:
D:1:      ldierk_walled_garden_2, layout_basic, kennysheep_decorative_pillar
D:2:      minmay_diamond_boxcup, layout_loops_cross, uniq_terence
D:3:      layout_loops_ring, tgw_trog
D:4:      layout_rooms, serial_bayou_lagoon_a, solitary_fountain, led_xom_imps,
          uniq_grinder
D:5:      layout_basic, enter_ossuary_4
D:6:      layout_cave_pools, basic_altar, uniq_blork_the_orc
D:7:      layout_rooms, minmay_temple_entry_hall, minmay_holes,
          nemelex_lonely_heart_becter, uniq_menkaure
D:8:      layout_basic
D:9:      layout_roguey, minmay_increasing_density, uniq_pikel, uniq_harold,
          uniq_psyche
D:10:     layout_rooms
Temple:   roderic_octagonal_lattice_temple

Skill      XL: |  1  2  3  4  5  6  7  8  9 10 |
---------------+-------------------------------+-----
Axes           | 3 4 5 6 8 10 | 10.8
Fighting       | 3 4 5 6 |  6.8
Shields        | 4 5 6 7 8 |  8.3
Armour         | 4 5 6 7 8 |  8.2
Invocations    | 4 6 |  6.3
Evocations     | 2 |  2.7

Action                   |  1- 3 |  4- 6 |  7- 9 | 10-12 || total
-------------------------+-------+-------+-------+-------++-------
Melee: War axe           |    75 |   114 |   506 |   175 ||   870
       Broad axe         |       |       |       |     8 ||     8
 Abil: Heal Wounds       |     1 |     8 |    31 |    11 ||    51
Evoke: Box of beasts     |       |       |       |     3 ||     3
  Use: Scroll            |       |       |    20 |     2 ||    22
 Stab: Invisible         |       |     2 |       |       ||     2
Armor: Scale mail        |    33 |       |       |       ||    33
       Chain mail        |    22 |    56 |   270 |    13 ||   361
       Plate armour      |       |       |       |    84 ||    84
Dodge: Dodged            |    24 |    25 |   165 |    42 ||   256
Block: Kite shield       |    49 |    68 |   358 |    94 ||   569

Table legend: (Time is in decaauts)
 A = Elapsed time spent in this place.
 B = Non-inter-level travel time spent in this place.
 C = Inter-level travel time spent in this place.
 D = Time resting spent in this place.
 E = Time spent auto-exploring this place.
 F = Levels seen in this place.
 G = Mean time per level.
                   A        B        C        D        E       F      G
               +--------+--------+--------+--------+--------+-----+--------+
         Total |   4896 |   4694 |    202 |      0 |   2960 |  12 |  408.0 |
       Dungeon |   4606 |   4435 |    171 |      0 |   2826 |  10 |  460.6 |
        Temple |    122 |     91 |     31 |      0 |     89 |   1 |  122.0 |
       Ossuary |    166 |    166 |      0 |      0 |     45 |   1 |  166.0 |
               +--------+--------+--------+--------+--------+-----+--------+

Top non-repeatable levels by time:
     D:8: 915 daAuts
     D:9: 774 daAuts
     D:6: 671 daAuts
     D:5: 617 daAuts
     D:7: 530 daAuts
     D:4: 487 daAuts
     D:2: 218 daAuts
     D:1: 184 daAuts
 Ossuary: 166 daAuts
  Temple: 122 daAuts
     D:3: 114 daAuts
    D:10: 92 daAuts
